 Dungeon Crawl Stone Soup version 0.31-a0-1309-gbf3fed316f (webtiles) character file.

Game seed: 5781150725268572947

226 GordonOverkill the Sneak (level 5, 0/27 HPs)
             Began as a Spriggan Delver on Dec 20, 2023.
             Slain by a black bear (5 damage)
             ... on level 4 of the Dungeon.
             The game lasted 00:13:48 (4813 turns).

GordonOverkill the Sneak (Spriggan Delver)          Turns: 4813, Time: 00:13:49

Health: 0/27       AC:  2    Str:  8    XL:     5   Next: 69%
Magic:  1/10       EV: 18    Int: 14    God:
Gold:   153        SH:  0    Dex: 22    Spells: 3/10 levels left

rFire   . . .        w - +1 dagger (elec)
rCold   . . .        (no shield)
rNeg    . . .        a - +0 robe
rPois   .            (helmet restricted)
rElec   .            (no cloak)
rCorr   .            (gloves unavailable)
SInv    +            (boots unavailable)
Will    .....        (no amulet)
Stlth   ++++         m - +6 ring of dexterity
HPRegen 0.24/turn    (no ring)
MPRegen 0.12/turn

%: no passive effects
@: very quick
A: very small, no large weapons, unfitting armour, see invisible, speed 3
a: no special abilities


You were on level 4 of the Dungeon.
You visited 1 branch of the dungeon, and saw 6 of its levels.

You collected 153 gold pieces.

Inventory:

Hand Weapons
 p - a +0 spear
 v - a +1 dagger of speed
 w - a +1 dagger of electrocution (weapon)
Missiles
 g - 6 poisoned darts
 A - 2 throwing nets
Armour
 a - a +0 robe (worn)
Jewellery
 m - a +6 ring of dexterity (left hand)
Wands
 f - a wand of digging (3)
 s - a wand of flame (5)
Scrolls
 b - a scroll of fog
 c - 3 scrolls of revelation
 d - a scroll of fear
 h - 3 scrolls of torment {unknown}
 i - a scroll of blinking {unknown}
 k - a scroll of identify {unknown}
 n - 2 scrolls of amnesia {unknown}
 q - 3 scrolls of vulnerability {unknown}
 r - a scroll of silence {unknown}
 t - 2 scrolls of butterflies {unknown}
 u - 2 scrolls of enchant weapon {unknown}
 y - a scroll of acquirement {unknown}
 z - a scroll of immolation {unknown}
Potions
 e - a potion of haste
 j - a potion of curing {unknown}
 l - 3 potions of attraction {unknown}
 o - a potion of cancellation {unknown}
 x - a potion of degeneration {unknown}
 B - a potion of lignification {unknown}


   Skills:
 - Level 2.4 Fighting
 - Level 1.2 Throwing
 - Level 2.6 Dodging
 - Level 7.2 Stealth
 - Level 1.5 Unarmed Combat
 - Level 3.0 Spellcasting
 - Level 3.0 Conjurations
 + Level 2.3 Hexes


You had 3 spell levels left.
You knew the following spells:

 Your Spells              Type           Power      Damage    Failure   Level
a - Magic Dart            Conj           40%        1d5       6%          1
b - Searing Ray           Conj           20%        2d5       10%         2
c - Fulminant Prism       Conj/Hex       4%         3d5       56%         4

Your spell library contained the following spells:

 Spells                   Type           Power      Damage    Failure   Level
 Inner Flame              Hex/Fire       5%         N/A       36%         3
 Flame Wave               Conj/Fire      6%         2d5       75%         4
 Sticky Flame             Conj/Fire      6%         2d3       75%         4
 Animate Dead             Necr           2%         N/A       91%         4
 Borgnjor's Vile Clutch   Necr/Erth      1%         N/A       99%         5
 Death Channel            Necr           1%         N/A       100%        6


Dungeon Overview and Level Annotations

Branches:
Dungeon (6/15)             Temple (0/1) D:6

Altars:
Nemelex Xobeh
Qazlal

Annotations:
D:3 Grinder
D:6 Edmund, Maggie


Innate Abilities, Weirdness & Mutations

You are very small and have problems with some larger weapons.
You are too small for most types of armour.
You have supernaturally acute eyesight. (SInv)
You cover ground extremely quickly. (Speed+++)


Message History

Aim: a black bear (heavily wounded, 100% to hit)
You miscast Magic Dart.
You are very lightly contaminated with residual magic.
Nothing appears to happen.
Casting: Magic Dart (safe; 6% risk of failure)
Confirm with . or Enter, or press ? or * to list all spells.
Aiming: Searing Ray (safe; 10% risk of failure)
Press: ? - help, Shift-Dir - straight line, f/p - black bear
Aim: a black bear (heavily wounded, 82% to hit)
The searing ray hits the black bear.
The black bear is severely wounded. (Press . to maintain the ray.)
The searing ray misses the black bear.
The searing ray hits the black bear.
The black bear is almost dead.
Your magical contamination has completely faded away.
You hit the black bear but do no damage.
The black bear is almost dead.
The black bear goes berserk!
You hit the black bear.
The black bear is almost dead.
The black bear bites you but does no damage.
The black bear claws you. x2
The black bear attacks as it pursues you!
The black bear misses you. The black bear claws you.
* * * LOW HITPOINT WARNING * * *
The black bear barely misses you.
There is an escape hatch in the floor here.
The black bear attacks as it pursues you!
The black bear closely misses you. The black bear misses you.
The black bear completely misses you.
The black bear attacks as it pursues you!
The black bear closely misses you. x3
The black bear attacks as it pursues you!
The black bear bites you!
* * * LOW HITPOINT WARNING * * *
The black bear claws you.
* * * LOW HITPOINT WARNING * * *
The black bear claws you.
You die...

...# .....<....#.#####.##### ...#
..........#...........# ...#
............#####.##..#### ...#
###+###+##...............# ...#
#.# #.##..###.#..#..##.#
########.# #.##.........#..##.#
#........###........>......##.#
'..........................##.###
#........#......@h...............
#........#..#...##.#........#.###
#...........#.#.##..........#[#
#####'##......#.##..........#.# #
#)##......#...............#
#####..#......####.##...#[#.#.#
....#......##.###...........#.#
######...).............#.####.#
######.##.###.###...#..#.#


You could see a black bear (berserk).

Vanquished Creatures
  A jelly (D:4)
  An iguana (D:4)
  5 gnolls
  5 adders
  A worm (D:3)
  2 dart slugs
  3 orcs (D:3)
  5 bats
  6 endoplasms
  5 giant cockroaches
  2 goblins (D:2)
  10 hobgoblins
  5 quokkas
  4 ball pythons
  A frilled lizard (D:1)
  7 kobolds
  5 rats
68 creatures vanquished.

Notes
Turn   | Place    | Note
-------+----------+-------------------------------------------
     0 | D:5      | GordonOverkill the Spriggan Delver began the quest for the
                  | Orb.
     0 | D:5      | Reached XP level 1. HP: 11/11 MP: 2/2
   137 | D:6      | Noticed Maggie
   137 | D:6      | Noticed a phantom
   200 | D:6      | Noticed an iguana
   251 | D:6      | Noticed Edmund
   347 | D:6      | Noticed a sky beast
   399 | D:6      | Noticed a centaur
   399 | D:6      | Found a staircase to the Ecumenical Temple.
   418 | D:5      | Noticed a scorpion
   584 | D:3      | Reached skill level 1 in Throwing
   876 | D:3      | Noticed Grinder
  1049 | D:3      | Reached skill level 1 in Spellcasting
  1077 | D:3      | Reached XP level 2. HP: 16/16 MP: 5/5
  1079 | D:3      | Learned a level 1 spell: Magic Dart
  1838 | D:1      | Reached XP level 3. HP: 19/19 MP: 1/8
  2266 | D:1      | Found a faded altar of an unknown god.
  2454 | D:2      | Found a sparkling altar of Nemelex Xobeh.
  2616 | D:2      | Reached skill level 1 in Conjurations
  2984 | D:3      | Reached XP level 4. HP: 15/23 MP: 5/9
  3608 | D:3      | Learned a level 2 spell: Searing Ray
  3613 | D:3      | Learned a level 4 spell: Fulminant Prism
  3765 | D:4      | Noticed a black bear
  3845 | D:3      | Reached XP level 5. HP: 12/27 MP: 2/10
  4408 | D:4      | Found a stormy altar of Qazlal.
  4419 | D:4      | Reached skill level 1 in Hexes
  4813 | D:4      | Slain by a black bear

Illustrated notes

Levels and vault maps discovered:
D:1:      dpeg_arrival_three_same_balls, layout_loops_ring,
          hellmonk_ecumenical_altar_heavens_door
D:2:      layout_rooms, basic_altar
D:3:      layout_loops_ring, uniq_grinder
D:4:      layout_basic, nicolae_qazlal_eye_of_the_storm
D:5:      layout_loops_ring
D:6:      layout_gridville, minmay_temple_entry_tees, sigmund_edmund_badplayer,
          uniq_maggie

Skill      XL: |  1  2  3  4  5 |
---------------+----------------+-----
Throwing       | 1 |  1.2
Spellcasting   | 1 2 3 |  3.0
Conjurations   | 1 2 3 |  3.0
Hexes          | 2 |  2.3
Fighting       | |  2.4
Dodging        | |  2.6
Stealth        | |  7.2
Unarmed Combat | |  1.5

Action                     |  1- 3 |  4- 6 || total
---------------------------+-------+-------++-------
  Melee: Spear             |   132 |       ||   132
         Unarmed           |    23 |       ||    23
         Punch             |     2 |       ||     2
         Dagger            |    18 |    56 ||    74
   Cast: Magic Dart        |    45 |    84 ||   129
         Searing Ray       |       |     6 ||     6
   Stab: Sleeping          |    12 |     1 ||    13
 Armour: Robe              |    31 |    30 ||    61
  Dodge: Dodged            |   102 |    67 ||   169

Table legend: (Time is in decaauts)
 A = Elapsed time spent in this place.
 B = Non-inter-level travel time spent in this place.
 C = Inter-level travel time spent in this place.
 D = Time resting spent in this place.
 E = Time spent auto-exploring this place.
 F = Levels seen in this place.
 G = Mean time per level.
                   A        B        C        D        E       F      G
               +--------+--------+--------+--------+--------+-----+--------+
         Total |   3662 |   3517 |    145 |   1287 |    985 |   6 |  610.3 |
       Dungeon |   3662 |   3517 |    145 |   1287 |    985 |   6 |  610.3 |
               +--------+--------+--------+--------+--------+-----+--------+

Top non-repeatable levels by time:
     D:3: 1058 daAuts
     D:1: 913 daAuts
     D:4: 897 daAuts
     D:2: 515 daAuts
     D:6: 217 daAuts
     D:5: 59 daAuts
